 Dungeon Crawl Stone Soup version 0.27-a0-1188-g73eefd5def (webtiles) character file.

Game seed: 7362995954072207838

2150 ZappyNine the Covert (level 9, -1/55 HPs)
             Began as a Kobold Brigand on May 20, 2021.
             Slain by an ogre
             ... wielding a +0 giant club
              (30 damage)
             ... on level 6 of the Dungeon.
             The game lasted 00:08:10 (5598 turns).

ZappyNine the Covert (Kobold Brigand)               Turns: 5598, Time: 00:08:10

Health: -1/55      AC:  6    Str:  9    XL:     9   Next: 56%
Magic:  9/9        EV: 13    Int: 12    God:
Gold:   224        SH:  0    Dex: 19    Spells: 8/8 levels left

rFire    . . .     SeeInvis .   a - +3 dagger
rCold    . . .     Faith    .   (shield restricted)
rNeg     . . .     Spirit   .   n - +0 troll leather armour
rPois    .         Reflect  .   (no helmet)
rElec    .         Harm     .   q - +0 cloak
rCorr    .         Rampage  .   (no gloves)
Will     .....                  (no boots)
Stlth    ++++++....             (no amulet)
HPRegen  1.18/turn              (no ring)
MPRegen  0.11/turn              (no ring)

@: lethally poisoned (-1 -> -5)
A: small, no large weapons, nightstalker 3
a: no special abilities


You were on level 6 of the Dungeon.
You visited 1 branch of the dungeon, and saw 6 of its levels.

You collected 224 gold pieces.

Inventory:

Hand Weapons
 a - a +3 dagger (weapon)
Missiles
 d - 23 poisoned darts (quivered)
 e - 2 curare-tipped darts
Armour
 b - a +0 robe
 c - a +0 cloak
 n - a +0 troll leather armour (worn)
 q - a +0 cloak (worn)
Jewellery
 v - a ring of protection from fire
Wands
 s - a wand of charming (11)
Scrolls
 g - a scroll of teleportation
 h - a scroll of noise
 i - 3 scrolls of identify
 k - a scroll of enchant weapon
 l - 2 scrolls of magic mapping {unknown}
 m - 2 scrolls of enchant armour {unknown}
 o - a scroll of brand weapon {unknown}
 p - 2 scrolls of holy word {unknown}
 t - a scroll of acquirement {unknown}
 u - a scroll of blinking {unknown}
 w - a scroll of fear {unknown}
Potions
 f - 2 potions of attraction
 j - a potion of lignification {unknown}
 r - 2 potions of haste
 x - a potion of degeneration {unknown}


   Skills:
 + Level 5.9 Fighting
 + Level 7.1 Short Blades
 - Level 2.1 Throwing
 - Level 5.2 Armour
 - Level 1.2 Dodging
 * Level 11.3 Stealth


You had 8 spell levels left.
You didn't know any spells.
Your spell library contained the following spells:

 Spells                   Type           Power      Damage    Failure   Level
 Magic Dart               Conj           0%         1d3       41%         1
 Blink                    Tloc           N/A        N/A       54%         2
 Call Imp                 Summ           0%         N/A       54%         2
 Slow                     Hex            0%         N/A       54%         2
 Conjure Flame            Conj/Fire      0%         6-21      78%         3
 Mephitic Cloud           Conj/Pois/Air  0%         N/A       78%         3


Dungeon Overview and Level Annotations

Branches:
Dungeon (6/15)
 Temple: D:4-7

Altars:
Trog

Shops:
D:3 (


Innate Abilities, Weirdness & Mutations

You are small and have problems with some larger weapons.
You are completely attuned to the shadows.


Message History

You kill the orc!
The orc closely misses you.
An ogre comes into view. It is wielding a +0 giant club.
The orc hits you with a +0 dagger.
Things that are here:
a +0 short sword; a +0 leather armour The orc misses you.
The ogre shouts!
The orc hits you but does no damage.
You hit the orc but do no damage.
You see here 11 gold pieces.
A scorpion comes into view.
You hit the orc.
The orc is moderately wounded.
The orc hits you but does no damage.
You hit the orc.
The orc is heavily wounded.
The orc completely misses you.
You hit the orc.
You kill the orc!
The scorpion barely misses you. The ogre misses you. The scorpion misses you.
You see here a +0 dagger.
You hit the scorpion but do no damage.
The ogre hits you with a +0 giant club!!
You closely miss the scorpion.
The scorpion stings you but does no damage.
You hit the scorpion.
The scorpion is moderately wounded.
The scorpion misses you. The ogre barely misses you.
You closely miss the scorpion.
The scorpion is moderately wounded.
The scorpion stings you!
You are poisoned.
The scorpion poisons you!
You closely miss the scorpion.
The scorpion is moderately wounded.
You feel sick.
The ogre hits you with a +0 giant club!!
Ouch! That really hurt!
You die...

.....# .# ......#
.# .......# .#
......s##.#.#
......O@..#.#
....).###...#
......###.###
.....).)...#
#..################
...............(<#
#.
#.##..############
.##.##.##.##
.........#


You could see an ogre and a scorpion.

Vanquished Creatures
  Pikel (D:4)
  Grinder (D:3)
  Menkaure (D:5)
  2 necrophages (D:4)
  An ice beast (D:5)
  A sky beast (D:4)
  2 ogres
  A centaur (D:5)
  A lemure (D:4)
  A bullfrog (D:6)
  A scorpion (D:4)
  A water moccasin skeleton (D:5)
  A howler monkey (D:4)
  2 hounds (D:5)
  An orc priest (D:5)
  A jelly (D:5)
  Natasha (D:2)
  Terence (D:2)
  2 iguanas
  An orc wizard (D:5)
  A hound skeleton (D:4)
  A howler monkey zombie (D:5)
  7 gnolls
  15 adders
  A shadow imp (D:5)
  15 orcs
  6 ball pythons
  6 endoplasms
  3 giant cockroaches
  8 goblins
  8 hobgoblins
  5 kobolds
  2 quokkas
  5 bats
  5 frilled lizards
  4 rats
116 creatures vanquished.

Notes
Turn   | Place    | Note
-------+----------+-------------------------------------------
     0 | D:1      | ZappyNine the Kobold Brigand began the quest for the Orb.
     0 | D:1      | Reached XP level 1. HP: 12/12 MP: 1/1
    56 | D:1      | Reached XP level 2. HP: 18/18 MP: 2/2
   115 | D:1      | Found a faded altar of an unknown god.
   540 | D:1      | Reached skill level 6 in Stealth
   540 | D:1      | Reached XP level 3. HP: 20/22 MP: 3/3
  1500 | D:2      | Reached XP level 4. HP: 27/27 MP: 4/4
  1558 | D:2      | Noticed Terence
  1565 | D:2      | Killed Terence
  1767 | D:2      | Noticed Natasha
  1771 | D:2      | Killed Natasha
  1772 | D:2      | Reached skill level 7 in Stealth
  1772 | D:2      | Reached XP level 5. HP: 32/32 MP: 5/5
  2256 | D:3      | Found Xaptugul's Weapon Shop.
  2500 | D:3      | Reached skill level 1 in Armour
  2616 | D:3      | Reached XP level 6. HP: 37/37 MP: 6/6
  2708 | D:3      | Noticed Grinder
  2712 | D:3      | Killed Grinder
  2713 | D:3      | Reached XP level 7. HP: 41/41 MP: 7/7
  3542 | D:4      | Reached skill level 5 in Armour
  3559 | D:4      | Reached XP level 8. HP: 48/48 MP: 8/8
  3799 | D:4      | Reached skill level 8 in Stealth
  3826 | D:4      | Noticed Pikel
  3900 | D:4      | Killed Pikel
  3901 | D:4      | Reached skill level 5 in Short Blades
  3901 | D:4      | Reached skill level 9 in Stealth
  4265 | D:5      | Entered Level 5 of the Dungeon
  4306 | D:5      | Reached skill level 5 in Fighting
  4306 | D:5      | Reached skill level 10 in Stealth
  4306 | D:5      | Reached XP level 9. HP: 54/54 MP: 9/9
  4429 | D:5      | Found a bloodstained altar of Trog.
  4608 | D:5      | Noticed Menkaure
  4612 | D:5      | Killed Menkaure
  4667 | D:5      | Reached skill level 11 in Stealth
  4882 | D:5      | Identified the +7 dagger "Byupuhud" {elec, *Slow rPois
                  | Str+3 Dex+10}
  5598 | D:6      | Slain by an ogre

Illustrated notes

Levels and vault maps discovered:
D:1:      eino_arrival_water_star, layout_basic, ebering_ecumenical_altar_mist,
          serial_bayou_pond_d, minmay_octomino_c4
D:2:      layout_rooms, serial_forest, infiniplex_forest_clump_double,
          infiniplex_forest_lined_2, infiniplex_forest_clump_long,
          infiniplex_forest_clump_tiny, infiniplex_forest_diagonal,
          infiniplex_forest_lined_3, uniq_terence, uniq_natasha
D:3:      layout_basic, serial_shops, shop_fountains, nrook_uturn, uniq_grinder
D:4:      layout_loops_ring, uniq_pikel
D:5:      kennysheep_six_static_rooms, layout_basic, bloody_trog, uniq_menkaure
D:6:      layout_basic, hangedman_glass_teeth,
          hangedman_abyss_or_decor_lesser_grid, wad_floor_pattern_untrapped

Skill      XL: |  1  2  3  4  5  6  7  8  9 |
---------------+----------------------------+-----
Short Blades   | 3 4 6 7 |  7.1
Stealth        | 6 7 10 11 | 11.3
Fighting       | 3 5 |  5.9
Armour         | 1 3 5 |  5.2
Throwing       | |  2.1
Dodging        | |  1.2

Action                   |  1- 3 |  4- 6 |  7- 9 || total
-------------------------+-------+-------+-------++-------
Melee: Dagger            |    54 |    70 |   318 ||   442
Throw: Dart              |       |     3 |     8 ||    11
  Use: Potion            |       |       |     4 ||     4
       Scroll            |       |       |     4 ||     4
 Stab: Sleeping          |    15 |    19 |    31 ||    65
       Distracted        |       |     2 |     2 ||     4
Armor: Robe              |     6 |     2 |       ||     8
       Troll leather arm |       |     3 |    51 ||    54
Dodge: Dodged            |    28 |    31 |   135 ||   194

Table legend: (Time is in decaauts)
 A = Elapsed time spent in this place.
 B = Non-inter-level travel time spent in this place.
 C = Inter-level travel time spent in this place.
 D = Time resting spent in this place.
 E = Time spent auto-exploring this place.
 F = Levels seen in this place.
 G = Mean time per level.
                   A        B        C        D        E       F      G
               +--------+--------+--------+--------+--------+-----+--------+
         Total |   5485 |   5352 |    133 |    257 |   4296 |   6 |  914.2 |
       Dungeon |   5485 |   5352 |    133 |    257 |   4296 |   6 |  914.2 |
               +--------+--------+--------+--------+--------+-----+--------+

Top non-repeatable levels by time:
     D:3: 1299 daAuts
     D:1: 1212 daAuts
     D:5: 1169 daAuts
     D:2: 847 daAuts
     D:4: 843 daAuts
     D:6: 114 daAuts
